 Dungeon Crawl Stone Soup version 0.30.0-13-g156ef70053 (webtiles) character file.

Game seed: 1366970023650174250

126 Persephone the Chopper (level 5, 0/32 HPs)
             Began as a Gargoyle Fighter on May 17, 2023.
             Slain by an ogre
             ... wielding a +0 giant club
              (9 damage)
             ... on level 4 of the Dungeon.
             The game lasted 00:04:38 (2805 turns).

Persephone the Chopper (Gargoyle Fighter)           Turns: 2805, Time: 00:04:39

Health: 0/32       AC: 17    Str: 22    XL:     5   Next: 10%
Magic:  5/5        EV:  8    Int:  8    God:
Gold:   139        SH:  5    Dex: 15    Spells: 4/4 levels left

rFire   . . .        a - +0 war axe
rCold   . . .        c - +0 buckler
rNeg    + . .        g - +1 chain mail
rPois   ∞            h - +2 helmet
rElec   +            (no cloak)
rCorr   .            (no gloves)
SInv    +            (no boots)
Will    .....        (no amulet) Stlth
                     t - +6 ring of dexterity
HPRegen 0.25/turn    x - ring of see invisible
MPRegen 0.09/turn

%: no passive effects
@: no status effects
A: sickness immunity, AC +4, negative energy resistance 1, electricity
resistance, torment resistance 1, petrification resistance
a: no special abilities


You were on level 4 of the Dungeon.
You visited 1 branch of the dungeon, and saw 4 of its levels.

You collected 139 gold pieces.

Inventory:

Hand Weapons
 a - a +0 war axe (weapon)
Missiles
 p - 6 javelins (quivered)
Armour
 c - a +0 buckler (worn)
 g - a +1 chain mail (worn)
 h - a +2 helmet (worn)
Jewellery
 i - a ring of fire
 t - a +6 ring of dexterity (left hand)
 x - a ring of see invisible (right hand)
Scrolls
 k - a scroll of enchant armour
 r - 2 scrolls of teleportation
 v - a scroll of poison
Potions
 b - a potion of curing
 d - a potion of might
 e - 3 potions of mutation
 f - a potion of flight
 j - a potion of lignification
 m - 2 potions of brilliance
 n - a potion of ambrosia {unknown}
 o - 2 potions of degeneration
 u - a potion of magic {unknown}


   Skills:
 - Level 3.2 Fighting
 + Level 4.6 Axes
 - Level 3.2 Armour
 - Level 3.2 Shields


You had 4 spell levels left.
You didn't know any spells.
Your spell library contained the following spells:

 Spells                   Type           Power      Damage    Failure   Level
 Ignite Poison            Fire/Tmut/Pois 0%         N/A       100%        3
 Sticky Flame             Conj/Fire      0%         2d3       100%        4
 Ignition                 Fire           0%         3d3       100%        8


Dungeon Overview and Level Annotations

Branches:
Dungeon (4/15)
 Temple: D:4-7

Altars:
Vehumet

Shops:
D:3 :


Innate Abilities, Weirdness & Mutations

You are immune to sickness and miasma.
Your stone body is resilient. (AC +4)
You are immune to poison.
You resist negative energy. (rN+)
You are resistant to electric shocks. (rElec)
You are resistant to unholy torment.
You are immune to petrification.


Message History

You kill the goblin!
No target in view!
Things that are here:
a +0 dagger; a goblin corpse You hear the slow hiss of a distant avalanche of sand.
An ogre comes into view. It is wielding a +0 giant club.
The ogre hits you with a +0 giant club!
Ouch! That really hurt!
You slash the ogre!
The ogre is moderately wounded.
You slash the ogre!
The ogre is severely wounded.
The ogre hits you with a +0 giant club!
* * * LOW HITPOINT WARNING * * *
You barely miss the ogre.
The ogre is severely wounded.
The ogre hits you but does no damage.
You barely miss the ogre.
The ogre is severely wounded.
The ogre barely misses you.
You barely miss the ogre.
The ogre is severely wounded.
You block the ogre's attack.
You feel better. The ogre hits you with a +0 giant club!
* * * LOW HITPOINT WARNING * * *
You hit the ogre but do no damage.
The ogre is severely wounded.
The ogre barely misses you.
You feel better.
You barely miss the ogre.
The ogre is severely wounded.
The ogre hits you but does no damage.
You hit the ogre but do no damage.
The ogre is severely wounded.
The ogre hits you with a +0 giant club.
* * * LOW HITPOINT WARNING * * *
You hit the ogre.
The ogre is severely wounded.
The ogre hits you with a +0 giant club!
You die...

.. #.# #..
#.# #.#
#.#
.#######.#
......O@.#
.#######.#
#.# #.#
#.# #.#
#.# #.#
#.#


You could see an ogre.

Vanquished Creatures
  Jessica (D:3)
  5 adders
  2 dart slugs
  An orc (D:3)
  3 endoplasms
  2 giant cockroaches
  5 goblins
  2 hobgoblins (D:3)
  5 quokkas
  4 ball pythons
  2 bats (D:3)
  7 frilled lizards
  7 kobolds
  8 rats
54 creatures vanquished.

Notes
Turn   | Place    | Note
-------+----------+-------------------------------------------
     0 | D:1      | Persephone the Gargoyle Fighter began the quest for the
                  | Orb.
     0 | D:1      | Reached XP level 1. HP: 14/14 MP: 1/1
    30 | D:1      | Reached skill level 2 in Axes
   323 | D:1      | Reached XP level 2. HP: 12/19 MP: 2/2
  1153 | D:2      | Reached skill level 3 in Axes
  1153 | D:2      | Reached XP level 3. HP: 23/23 MP: 3/3
  1192 | D:2      | Found a radiant altar of Vehumet.
  2080 | D:3      | Reached XP level 4. HP: 26/28 MP: 4/4
  2126 | D:3      | Reached skill level 4 in Axes
  2155 | D:3      | Found Zul Dit's Book Shop.
  2350 | D:3      | Noticed Jessica
  2362 | D:3      | Killed Jessica
  2648 | D:3      | Reached XP level 5. HP: 32/32 MP: 5/5
  2793 | D:4      | Noticed an ogre
  2805 | D:4      | Slain by an ogre

Illustrated notes

Levels and vault maps discovered:
D:1:      tarquinn_simple_flora_water_b, layout_loops_ring,
          serial_co_window_serial, co_window_paths_a, co_window_paths_a,
          co_window_paths_a, co_window_paths_b, co_window_paths_a,
          co_window_corner_a, co_window_of_opportunity_a,
          co_window_unsneaky_path_e, co_window_of_opportunity_b,
          co_window_corner_cb, co_window_2corner, co_window_corner_b,
          co_window_2corner, co_window_4corner_b, glass_columns_b,
          glass_columns_a
D:2:      layout_loops_ring, basic_altar, minmay_misc_feat_x
D:3:      layout_basic, serial_shops, nicolae_lakefront_shop, uniq_jessica
D:4:      layout_loops_ring, enter_ossuary_2, serial_shops,
          nicolae_shop_gaudy_bauble

Skill      XL: |  1  2  3  4 |
---------------+-------------+-----
Axes           | 2 3 4 |  4.6
Fighting       | |  3.2
Armour         | |  3.2
Shields        | |  3.2

Action                     |  1- 3 |  4- 6 || total
---------------------------+-------+-------++-------
  Melee: War axe           |    76 |    62 ||   138
  Throw: Javelin           |     8 |       ||     8
    Use: Scroll            |     2 |    10 ||    12
         Potion            |       |     3 ||     3
 Armour: Chain mail        |    52 |    56 ||   108
         Scale mail        |     4 |       ||     4
  Dodge: Dodged            |    32 |    33 ||    65
  Block: Buckler           |    16 |    12 ||    28
